 Dungeon Crawl Stone Soup version 0.29.1-15-g9cfb28693d (webtiles) character file.

Game seed: 16952650536175764954

55834 javelincjr the Fighter (level 15, -2/115 HPs)
             Began as a Djinni Conjurer on Mar 20, 2023.
             Was a High Priest of Makhleb.
             Slain by a caustic shrike simulacrum (72 damage)
             ... in an ice cave.
             The game lasted 01:53:03 (18980 turns).

javelincjr the Fighter (Djinni Conjurer)           Turns: 18980, Time: 01:53:03

Health: -2/115     AC: 16    Str: 13    XL:     15   Next: 19%
Gold:   393        EV: 26    Int: 21    God:    Makhleb [*****.] SH:  0 Dex: 18

rFire   + + .      SeeInvis .   a - +10 dire flail of Disharmony {vorpal, rElec rN+ Int+2}
rCold   x . .      Faith    .   (shield currently unavailable)
rNeg    + . .      Spirit   .   o - +3 troll leather armour
rPois   ∞          Reflect  .   (no helmet)
rElec   +          Harm     .   b - scarf {repulsion}
rCorr   .          Rampage  .   h - +2 pair of gloves
Will    +....                   (boots unavailable)
Stlth   ++........              d - amulet of regeneration
HPRegen 1.89/turn               W - ring of the Hare {EV+8}
MPRegen 0.00/turn               p - ring "Jaoqig" {AC+4 Str+5 Int-4 Dex+4}

@: flying, very slightly contaminated, repel missiles
A: sickness immunity, fire resistance 2, cold vulnerability 1, float, innate
caster, HP casting, extra vitality 1
a: Renounce Religion, Minor Destruction, Lesser Servant of Makhleb, Major
Destruction, Greater Servant of Makhleb


You were in an ice cave.
You worshipped Makhleb.
Makhleb was extremely pleased with you.
You visited 2 branches of the dungeon, and saw 16 of its levels.
You also visited: Sewer and Ice Cave.

You collected 805 gold pieces.
You spent 412 gold pieces at shops.

Inventory:

Hand Weapons
 a - the +10 dire flail of Disharmony (weapon) {vorpal, rElec rN+ Int+2}
   (You took it off a two-headed ogre on level 7 of the Dungeon)

   It inflicts extra damage upon your enemies.
   Int:       It affects your intelligence (+2).
   rElec:     It insulates you from electricity.
   rN:        It protects you from negative energy.
 j - the +8 mithril axe "Arga" {speed, Will+}
   (You took it off a wight on level 8 of the Dungeon)

   Attacks with this weapon are significantly faster.
   Will:      It increases your willpower.
 k - a +0 long sword of holy wrath
 H - the +10 whip "Topu" {freeze, Drain +Blink rElec rF+++}
   (You took it off a centaur on level 10 of the Dungeon)

   It freezes those it strikes, dealing additional cold damage.
   It can also slow down cold-blooded creatures.
   rF:        It renders you almost immune to fire.
   rElec:     It insulates you from electricity.
   +Blink:    It lets you blink.
   Drain:     It drains your maximum health when unequipped.
 T - a +5 vorpal scimitar
Armour
 b - a scarf of repulsion (worn)
 h - a +2 pair of gloves (worn)
 m - a +0 kite shield
 o - a +3 troll leather armour (worn)
 N - +0 swamp dragon scales
 Q - a +1 cloak
 U - the +0 chain mail of Defence {rC+}
   (You found it on level 7 of the Dungeon)

   rC:        It protects you from cold.
Jewellery
 d - an amulet of regeneration (around neck)
 i - an amulet of reflection
 p - the ring "Jaoqig" (right hand) {AC+4 Str+5 Int-4 Dex+4}
   (You found it on level 3 of the Dungeon)

   [ring of protection]

   AC:        It affects your AC (+4).
   Str:       It affects your strength (+5).
   Int:       It affects your intelligence (-4).
   Dex:       It affects your dexterity (+4).
 y - a ring of resist corrosion
 W - the ring of the Hare (left hand) {EV+8}
   (You found it on level 13 of the Dungeon)

   [ring of evasion]

   EV:        It affects your evasion (+8).
Wands
 I - a wand of flame (10)
 L - a wand of paralysis (8)
Scrolls
 c - 6 scrolls of teleportation
 e - 2 scrolls of blinking
 l - 3 scrolls of summoning
 n - 5 scrolls of magic mapping
 q - 2 scrolls of fog
 s - a scroll of acquirement {unknown}
 u - 4 scrolls of fear
 v - 4 scrolls of enchant weapon
 A - a scroll of identify
 E - 4 scrolls of poison
Potions
 f - 2 potions of heal wounds
 g - 3 potions of resistance
 r - 11 potions of curing
 t - a potion of invisibility {unknown}
 w - 2 potions of attraction {unknown}
 x - 4 potions of might
 z - 3 potions of haste
 C - 2 potions of mutation {unknown}
 D - 3 potions of lignification {unknown}
 F - a potion of brilliance {unknown}
 K - 2 potions of cancellation {unknown}
 O - 4 potions of ambrosia
Miscellaneous
 S - a phantom mirror


   Skills:
 * Level 13.5 Fighting
 - Level 5.3(5.7) Axes
 + Level 3.1(4.6) Maces & Flails
 + Level 9.6 Armour
 + Level 11.1 Dodging
 - Level 2.6 Stealth
 + Level 2.8 Shields
 * Level 11.3 Spellcasting
 + Level 5.4 Invocations


You couldn't memorise any spells.
You knew the following spells:

 Your Spells              Type           Power      Damage    Failure   Level
a - Magic Dart            Conj           100%       1d8       1%          1
b - Searing Ray           Conj           100%       2d8       1%          2
c - Dazzling Flash        Conj/Hex       100%       N/A       1%          3
d - Fulminant Prism       Conj/Hex       28%        3d14      1%          4
e - Iskenderun's Mystic   Conj/Tloc      56%        2d12      1%          4
f - Foxfire               Conj/Fire      100%       2x1d9     1%          1
g - Passwall              Tmut/Erth      46%        N/A       1%          2
h - Ozocubu's Armour      Ice            56%        N/A       1%          3
i - Teleport Other        Tloc           56%        N/A       1%          3
j - Fireball              Conj/Fire      28%        3d12      1%          5
k - Iskenderun's Battles  Conj           56%        2d11      1%          5
l - Conjure Ball Lightni  Conj/Air       28%        3x3d8     10%         6
Your spell library was empty.

Dungeon Overview and Level Annotations

Branches:
Dungeon (15/15)            Temple (1/1) D:7            Lair (0/5) D:10
    Orc (0/2) D:9          Vaults (0/5) D:13         Depths (0/4) D:15
  Sewer (visited)           IceCv (1/1)

Altars:
Ashenzari
Cheibriados
Dithmenos
Elyvilon
Fedhas
Gozag
Hepliaklqana
Makhleb
Nemelex Xobeh
Okawaru
Qazlal
Ru
Trog
Uskayaw
Wu Jian
Xom
Yredelemnul
Zin
The Shining One

Shops:
D:8 =   D:15 *


Innate Abilities, Weirdness & Mutations

You are immune to sickness and miasma.
You are immune to poison.
Your flesh is very heat resistant. (rF++)
You are vulnerable to cold. (rC-)
You float through the air rather than walking.
You learn spells naturally, not from books.
Your magical power is your life essence.
You have superior vitality. (+4 MHP)


Message History

Your battlesphere resists.
Your battlesphere is destroyed!
Casting: Conjure Ball Lightning (dangerous; 10% risk of failure)
Confirm with . or Enter, or press ? or * to list all spells.
Aiming: Fireball (dangerous; 1% risk of failure)
Press: ? - help, Shift-Dir - straight line, f - caustic shrike simulacrum
Aim: a caustic shrike simulacrum (magical condensation)
The fireball explodes!
The fireball engulfs the caustic shrike simulacrum!
The caustic shrike simulacrum melts!
The caustic shrike simulacrum is moderately damaged.
The fireball engulfs the lindwurm simulacrum!!!
The lindwurm simulacrum melts!
The lindwurm simulacrum vaporises!
Makhleb accepts your kill.
You feel better.
You hear a sizzling sound!
Casting: Fireball (dangerous; 1% risk of failure)
Confirm with . or Enter, or press ? or * to list all spells.
You erupt in a blast of force!
The mystic blast hits the caustic shrike simulacrum.
The caustic shrike simulacrum is moderately damaged.
The caustic shrike simulacrum is knocked back by the mystic blast.
A golden dragon simulacrum comes into view.
Casting: Iskenderun's Mystic Blast (mildly dangerous; 1% risk of failure)
Confirm with . or Enter, or press ? or * to list all spells.
Aiming: Fireball (dangerous; 1% risk of failure)
Press: ? - help, Shift-Dir - straight line, p - caustic shrike simulacrum The fireball explodes!
The fireball engulfs the caustic shrike simulacrum!!
The caustic shrike simulacrum melts!
The caustic shrike simulacrum is severely damaged.
The fireball engulfs the seven-headed hydra simulacrum!!!
The seven-headed hydra simulacrum melts!
The seven-headed hydra simulacrum is almost destroyed.
The caustic shrike simulacrum claws you!
The caustic shrike simulacrum freezes you!!!!
You feel a terrible chill!
Ouch! That really hurt!
You die...

#########
#.......#
#...@...#
#...Z...#
#.......#
#...○...#
##.ZZ..##
##...##
##Z##


.ZZ ... You could see an anaconda simulacrum, a seven-headed hydra simulacrum, a
dire elephant simulacrum, a lindwurm simulacrum, a golden dragon simulacrum and
a caustic shrike simulacrum.

Vanquished Creatures
  An azure jelly (D:15)
  A yaktaur captain (D:12)
  8 vault guards
  A rakshasa (D:14)
  A boulder beetle (D:12)
  2 hydras (D:12)
  3 centaur warriors
  A death knight (D:14)
  7 two-headed ogres
  4 tengu warriors
  The ghost of SirLogeyBear the Cleaver, a novice HOBe of Trog (D:10)
  3 skeletal warriors
  A phantasmal warrior (D:15)
  2 deep elf pyromancers (D:14)
  An orc knight (D:15)
  The ghost of BuddhaDhamma the Cleaver, a novice MiBe of Trog (D:7)
  6 ugly things
  A wolf spider (D:15)
  A salamander (D:15)
  2 fauns (shapeshifter)
  4 manticores
  8 cyclopes
  4 gargoyles
  4 freezing wraiths
  Maggie (D:6)
  The ghost of tbole the Slasher, a novice OpMo of Ashenzari (D:5)
  An efreet (D:14)
  A tengu conjurer (D:14)
  2 queen bees
  2 anaconda simulacra (IceCv)
  7 meliai (D:12)
  3 trolls
  A merfolk (shapeshifter) (D:12)
  A slime creature (shapeshifter) (D:15)
  18 slime creatures
  A hornet (D:10)
  2 shadows
  Sigmund (D:3)
  3 wyverns (D:10)
  2 vampires (D:12)
  4 wraiths
  13 yaks
  4 basilisks
  2 steam dragons (D:9)
  12 vampire mosquitoes
  Edmund (D:4)
  Menkaure (D:7)
  2 acid dragons
  3 water moccasins (D:10)
  10 orc warriors
  2 black bears (D:6)
  4 boggarts (D:15)
  A sky beast (D:8)
  10 centaurs
  7 ogres
  A phantom (D:6)
  2 kobold brigands
  Blork the orc (D:5)
  2 scorpions
  3 bullfrogs
  4 necrophages
  3 gnoll sergeants
  22 wights
  43 killer bees
  A lindwurm simulacrum (IceCv)
  5 howler monkeys
  7 orc priests
  4 hounds
  A jelly (D:6)
  Crazy Yiuf (D:6)
  Terence (D:3)
  3 gnoll boudas
  7 iguanas
  12 orc wizards
  A statue (D:10)
  Robin (D:3)
  13 adders
  26 gnolls
  2 river rats (Sewer)
  2 shadow imps
  2 white imps (D:7)
  3 dart slugs
  9 worms
  51 orcs
  8 ball pythons
  6 bats
  6 endoplasms
  4 giant cockroaches
  16 goblins
  9 hobgoblins
  2 jackals (D:3)
  25 kobolds
  6 quokkas
  5 frilled lizards
  8 rats
  A ball lightning (D:15)
  2 foxfires
522 creatures vanquished.

Vanquished Creatures (others)
  11 ball lightnings
  1533 foxfires
  142 fulminant prisms
  12 plants (D:10)
1698 creatures vanquished.

Grand Total: 2220 creatures vanquished

Notes
Turn   | Place    | Note
-------+----------+-------------------------------------------
     0 | D:1      | javelincjr the Djinni Conjurer began the quest for the Orb.
     0 | D:1      | javelincjr set off with the following spells memorised:
                  | Magic Dart, Searing Ray, Dazzling Flash, Fulminant Prism,
                  | Iskenderun's Mystic Blast.
     0 | D:1      | Reached XP level 1. HP: 15/15 MP: 0/0
   223 | D:1      | Reached XP level 2. HP: 18/21 MP: 0/0
   769 | D:1      | Reached XP level 3. HP: 20/25 MP: 0/0
   769 | D:1      | Learned a level 1 spell: Foxfire
  1371 | D:2      | Noticed a necrophage
  1378 | D:2      | Killed a necrophage
  1379 | D:2      | Reached XP level 4. HP: 23/31 MP: 0/0
  1560 | D:2      | Identified the +3 robe of Tulips {Dex+2}
  1586 | D:2      | Identified the +4 chain mail "Huesunna" {rPois rF+}
  1734 | D:2      | Reached XP level 5. HP: 33/36 MP: 0/0
  1734 | D:2      | Learned a level 2 spell: Passwall
  2141 | D:2      | Reached skill level 1 in Fighting
  2445 | D:3      | Identified the ring "Jaoqig" {AC+4 Str+5 Int-4 Dex+4}
  2720 | D:3      | Noticed Sigmund
  2726 | D:3      | Killed Sigmund
  2727 | D:3      | Reached skill level 2 in Fighting
  2727 | D:3      | Reached skill level 1 in Armour
  2727 | D:3      | Reached XP level 6. HP: 38/45 MP: 0/0
  3032 | D:3      | Noticed Robin
  3044 | D:3      | Killed Robin
  3155 | D:3      | Noticed Terence
  3172 | D:3      | Killed Terence
  3362 | D:3      | Found a glowing silver altar of Zin.
  3479 | D:4      | Found a glowing drain.
  3491 | D:4      | Reached XP level 7. HP: 41/49 MP: 0/0
  3491 | D:4      | Learned a level 3 spell: Ozocubu's Armour
  3492 | Sewer    | Entered a sewer
  3667 | Sewer    | Reached skill level 3 in Fighting
  4865 | D:4      | Noticed Edmund
  5357 | D:4      | Reached skill level 4 in Fighting
  5357 | D:4      | Reached XP level 8. HP: 53/58 MP: 0/0
  5453 | D:4      | Reached skill level 5 in Spellcasting
  6388 | D:4      | Killed Edmund
  6389 | D:4      | Reached skill level 5 in Dodging
  6507 | D:5      | Entered Level 5 of the Dungeon
  6834 | D:5      | Reached skill level 5 in Fighting
  6962 | D:5      | Noticed Blork the orc
  6966 | D:5      | Killed Blork the orc
  7021 | D:5      | Reached XP level 9. HP: 48/65 MP: 0/0
  7021 | D:5      | Learned a level 3 spell: Teleport Other
  7022 | D:5      | Found a runed translucent door.
  7027 | D:5      | Noticed tbole's ghost (novice OpMo)
  7588 | D:5      | Killed tbole's ghost
  7589 | D:5      | Reached skill level 6 in Fighting
  8556 | D:6      | Reached skill level 7 in Fighting
  8575 | D:6      | Reached XP level 10. HP: 18/75 MP: 0/0
  9303 | D:6      | Noticed Maggie
  9333 | D:6      | Killed Maggie
  9334 | D:6      | Reached skill level 5 in Armour
  9652 | D:6      | Found a runed translucent door.
  9653 | D:6      | Noticed Crazy Yiuf
  9849 | D:6      | Killed Crazy Yiuf
 10190 | D:7      | You are sucked into a shaft and drop 2 floors!
 10523 | D:7      | Noticed Menkaure
 10526 | D:7      | Reached skill level 8 in Fighting
 10530 | D:7      | Killed Menkaure
 10542 | D:7      | Identified the +0 chain mail of Defence {rC+}
 10603 | D:7      | Found a staircase to the Ecumenical Temple.
 10620 | D:7      | Identified the +10 giant club "Susilot" {venom, rElec rC+
                  | SInv}
 10620 | D:7      | Identified the +10 dire flail of Disharmony {vorpal, rElec
                  | rN+ Int+2}
 10620 | D:7      | Noticed a two-headed ogre
 10622 | D:7      | Noticed BuddhaDhamma's ghost (novice MiBe)
 10623 | D:7      | Found a transporter.
 10636 | Temple   | Entered the Ecumenical Temple
 10801 | Temple   | Became a worshipper of Makhleb the Destroyer
 10851 | D:7      | Found a transporter.
 11248 | D:8      | Found Ykluo's Jewellery Shop.
 11255 | D:8      | Bought an amulet of regeneration for 300 gold pieces
 11544 | D:8      | Noticed a two-headed ogre
 11551 | D:8      | Killed a two-headed ogre
 11551 | D:8      | Reached * piety under Makhleb
 11828 | D:9      | Reached skill level 1 in Axes
 11828 | D:9      | Reached XP level 11. HP: 75/82 MP: 0/0
 11828 | D:9      | Learned a level 5 spell: Fireball
 11885 | D:9      | Identified the +3 battleaxe of Prudence {flame, *Rage
                  | Str+3}
 11989 | D:9      | Found a staircase to the Orcish Mines.
 12081 | D:9      | Reached skill level 9 in Fighting
 12157 | D:9      | Reached ** piety under Makhleb
 12167 | D:9      | Found a shimmering altar of Xom.
 12167 | D:9      | Found a basalt altar of Yredelemnul.
 12544 | D:10     | Entered Level 10 of the Dungeon
 12698 | D:10     | Found a staircase to the Lair.
 12947 | D:10     | Identified the +10 whip "Topu" {freeze, Drain +Blink rElec
                  | rF+++}
 13093 | D:10     | Noticed SirLogeyBear's ghost (novice HOBe)
 13096 | D:10     | Found a transporter.
 13096 | D:10     | Found a transporter.
 13183 | D:10     | Noticed a two-headed ogre
 13190 | D:10     | Killed a two-headed ogre
 13383 | D:10     | Reached *** piety under Makhleb
 13580 | D:11     | Noticed a two-headed ogre
 13584 | D:11     | Killed a two-headed ogre
 13585 | D:11     | Reached skill level 10 in Fighting
 13585 | D:11     | Reached XP level 12. HP: 84/91 MP: 0/0
 13729 | D:11     | Noticed a centaur warrior
 13764 | D:11     | Killed a centaur warrior
 14809 | D:12     | Reached **** piety under Makhleb
 14828 | D:12     | Noticed an eight-headed hydra
 14837 | D:12     | Killed an eight-headed hydra
 14851 | D:12     | Reached skill level 11 in Fighting
 14937 | D:12     | Noticed a radroach
 14938 | D:12     | Noticed a skeletal warrior
 14938 | D:12     | Noticed an ettin
 14938 | D:12     | a radroach changed into an ettin
 14939 | D:12     | Noticed a jorogumo
 14939 | D:12     | an ettin changed into a jorogumo
 14946 | D:12     | Noticed a quicksilver ooze
 14946 | D:12     | a jorogumo changed into a quicksilver ooze
 14957 | D:12     | Noticed a four-headed hydra
 14957 | D:12     | a quicksilver ooze changed into a four-headed hydra
 14958 | D:12     | Noticed a spark wasp
 14958 | D:12     | a four-headed hydra changed into a spark wasp
 15222 | D:12     | Reached skill level 1 in Invocations
 15222 | D:12     | Reached XP level 13. HP: 81/99 MP: 0/0
 15222 | D:12     | Learned a level 5 spell: Iskenderun's Battlesphere
 15644 | D:13     | Reached ***** piety under Makhleb
 15661 | D:13     | Found the ring of the Hare {EV+8}
 15693 | D:13     | Reached skill level 10 in Spellcasting
 15899 | D:13     | Noticed a boulder beetle
 15915 | D:13     | Noticed a vault guard
 15917 | D:13     | Noticed a vault guard
 15928 | D:13     | Noticed a vault guard
 16042 | D:12     | Noticed a centaur warrior
 16057 | D:12     | Killed a centaur warrior
 16158 | D:12     | Reached skill level 12 in Fighting
 16158 | D:12     | Noticed a yaktaur captain
 16179 | D:12     | Killed a yaktaur captain
 16180 | D:12     | Reached skill level 5 in Axes
 16181 | D:12     | Noticed a six-headed hydra
 16192 | D:12     | Reached skill level 10 in Dodging
 16379 | D:12     | Killed a six-headed hydra
 16626 | D:13     | Noticed a vault guard
 16627 | D:13     | Noticed a vault guard
 16634 | D:13     | Noticed a vault guard
 16647 | D:12     | Killed a vault guard
 16840 | D:7      | Killed BuddhaDhamma's ghost
 16842 | D:7      | Reached XP level 14. HP: 81/108 MP: 0/0
 17027 | D:10     | Killed SirLogeyBear's ghost
 17279 | D:12     | HP: 1/108 [vault guard/+3 battleaxe (18)]
 17437 | D:12     | Reached skill level 1 in Maces & Flails
 17563 | D:13     | Found a gate to the Vaults.
 17935 | D:14     | Reached skill level 13 in Fighting
 17935 | D:14     | Reached skill level 1 in Shields
 18494 | D:15     | Entered Level 15 of the Dungeon
 18549 | D:14     | Reached skill level 5 in Invocations
 18671 | D:15     | Reached XP level 15. HP: 111/115 MP: 0/0
 18671 | D:15     | Learned a level 6 spell: Conjure Ball Lightning
 18686 | D:15     | Found a staircase to the Depths.
 18767 | D:15     | Found Diduto's General Store.
 18807 | D:15     | Bought a scroll of enchant armour for 112 gold pieces
 18940 | D:15     | Found a frozen archway.
 18940 | D:15     | Noticed an azure jelly
 18958 | D:15     | Killed an azure jelly
 18969 | IceCv    | Entered an ice cave
 18980 | IceCv    | Slain by a caustic shrike simulacrum

Illustrated notes

Levels and vault maps discovered:
D:1:      dpeg_arrival_boxes_within_box, layout_loops_ring,
          minmay_misc_feat_more_columns, chequers_serial_rivers_small_a
D:2:      layout_rooms, palyth_stone_intersect
D:3:      minmay_inner_zag, layout_loops_ring, mainiacjoe_overflow_alcove_2,
          minmay_checkerbox, uniq_robin, uniq_sigmund, uniq_terence
D:4:      kennysheep_spiral_hall, layout_layer_cave,
          cheibrodos_sewer_entry_sluice, uniq_edmund
D:5:      layout_basic, hellmonk_ghost_happy_afterlife, uniq_blork_the_orc
D:6:      layout_cave_pools, chequers_hall_statues_corner_a,
          chequers_serial_rivers_micro_d, uniq_maggie, uniq_crazy_yiuf_cottage
D:7:      layout_cave_pools, minmay_temple_entry_purple_smoke,
          gammafunk_ghost_smash, uniq_menkaure
D:8:      layout_gridville, serial_shops, kennysheep_little_box
D:9:      layout_roguey, gammafunk_temple_overflow_wave, david_orc_4,
          kennysheep_generic_room_3
D:10:     layout_long_grid, vehumet_statue, minmay_lair_entry_grove,
          gammafunk_ghost_hive
D:11:     layout_gridville
D:12:     regret_index_combs_of_tragedy, layout_loops_corners, nzn_life_drinkers
D:13:     layout_long_grid, erik_vaults_2, minmay_tree_intersection
D:14:     minmay_octagon_keep, layout_cave_pools
D:15:     hangedman_depths_entry_try_elsewhere_first, layout_gridville,
          portal_ice_cave_entry_frozen_things, serial_shops, shop
Temple:   regret_index_temple_mists
IceCv:    ice_cave_statue_garden_chambered

Skill      XL: |  1  2  3  4  5  6  7  8  9 10 11 12 13 14 15 |
---------------+----------------------------------------------+-----
Stealth        | 2 |  2.6
Dodging        | 3 4 5 6 7 8 9 10 11 | 11.1
Fighting       | 2 4 5 7 8 10 11 12 13 | 13.5
Armour         | 1 2 3 4 5 6 7 8 9 |  9.6
Spellcasting   | 4 5 6 7 8 9 10 11 | 11.3
Axes           | 1 3 4 5 |  5.3
Invocations    | 1 3 5 |  5.4
Maces & Flails | 2 3 |  3.1
Shields        | 2 |  2.8

Action                   |  1- 3 |  4- 6 |  7- 9 | 10-12 | 13-15 || total
-------------------------+-------+-------+-------+-------+-------++-------
Melee: Long sword        |       |    28 |     3 |       |       ||    31
       Dagger            |       |       |     7 |       |       ||     7
       Broad axe         |       |       |       |    22 |     8 ||    30
       Punch             |       |       |       |     3 |       ||     3
       Quarterstaff      |       |       |       |     1 |       ||     1
 Cast: Magic Dart        |    37 |       |     2 |     1 |     8 ||    48
       Foxfire           |     8 |   114 |   289 |   330 |   162 ||   903
       Searing Ray       |       |     1 |     3 |     1 |       ||     5
       Dazzling Flash    |       |     1 |       |       |       ||     1
       Iskenderun's Myst |       |       |    41 |   133 |   262 ||   436
       Fulminant Prism   |       |       |    10 |    48 |    84 ||   142
       Fireball          |       |       |       |    27 |    13 ||    40
       Teleport Other    |       |       |       |     1 |       ||     1
       Ozocubu's Armour  |       |       |       |     1 |       ||     1
       Iskenderun's Batt |       |       |       |       |    19 ||    19
       Conjure Ball Ligh |       |       |       |       |     5 ||     5
Invok: Minor Destruction |       |       |       |       |     1 ||     1
       Lesser Servant of |       |       |       |       |     1 ||     1
  Use: Scroll            |       |       |     6 |    10 |     7 ||    23
       Potion            |       |       |       |       |     2 ||     2
 Stab: Sleeping          |       |     1 |       |       |       ||     1
       Distracted        |       |       |     1 |       |       ||     1
Armor: Robe              |       |    14 |    18 |       |       ||    32
       Swamp dragon scal |       |       |       |    55 |    14 ||    69
       Troll leather arm |       |       |       |       |     3 ||     3
Dodge: Dodged            |     4 |    28 |    73 |   110 |   108 ||   323
       Repelled          |       |       |       |       |     5 ||     5
